 Dungeon Crawl Stone Soup version 0.18.1-50-g88ac8fd (webtiles) character file.

245 Amnesiac the Charlatan (level 6, 0/32 HPs)
             Began as a Vine Stalker Artificer on June 15, 2018.
             Succumbed to a worker ant's poison
             ... on level 4 of the Dungeon.
             The game lasted 00:04:40 (1221 turns).

Amnesiac the Charlatan (Vine Stalker Artificer)     Turns: 1221, Time: 00:04:41

Health: 0/32       AC:  3    Str: 20    XL:     6   Next: 10%
Magic:  6/10       EV: 12    Int: 12    God:
Gold:   52         SH:  0    Dex: 15    Spells: 0 memorised, 5 levels left

rFire  . . .     SeeInvis .     a - +0 short sword
rCold  . . .     Gourm    .     k - +0 leather armour
rNeg   . . .     Faith    .     (no shield)
rPois  .         Spirit   +     (no helmet)
rElec  .         Dismiss  .     (no cloak)
rCorr  .         Reflect  .     (no gloves)
SustAt .         Harm     .     (no boots)
MR     .....                    (no amulet)
Stlth  ++........               (no ring)
                                (no ring)

@: mighty, lethally poisoned (0 -> -2), not resistant to hostile enchantments,
unstealthy
A: fangs 2, regeneration 2, magic shield, antimagic bite, no device heal 3, rot
immunity
a: no special abilities


You were on level 4 of the Dungeon.
You were not hungry.

You visited 1 branch of the dungeon, and saw 4 of its levels.

You collected 52 gold pieces.

Inventory:

Hand Weapons
 a - a +0 short sword (weapon)
 b - a +1 blowgun
Armour
 k - a +0 leather armour (worn)
Wands
 c - a wand of flame (9/48)
 d - a wand of enslavement (24/24)
 e - a wand of random effects (2/48)
Scrolls
 j - 2 scrolls of remove curse {!r}
Potions
 l - a potion of haste {!q}
Comestibles
 f - a bread ration
 g - 2 chunks of flesh


   Skills:
 + Level 3.2 Fighting
 - Level 0.8 Short Blades
 - Level 2.6 Dodging
 - Level 1.2 Stealth
 - Level 4.4 Evocations


You had 5 spell levels left.
You didn't know any spells.

Dungeon Overview and Level Annotations

Branches:
Dungeon (4/15)
 Temple: D:4-7

Altars:
Makhleb


Innate Abilities, Weirdness & Mutations

You have extremely sharp teeth.
You heal very quickly.
When hurt, damage is shared between your health and your magic reserves.
Your bite disrupts and absorbs the magic of your enemies.
Potions and wands cannot restore your health.
You are immune to rotting.


Message History

You feel sick. The worker ant misses you.
You hit the worker ant but do no damage.
You bite the worker ant. You drain its power.
The worker ant is moderately wounded.
You feel sick. The worker ant bites you.
* * * LOW HITPOINT WARNING * * *
The crimson imp falters for a moment.
The worker ant misses you.
You hit the worker ant. You bite the worker ant. You drain its power.
You feel invigorated.
The worker ant is heavily wounded.
You feel sick.
The crimson imp falters for a moment.
The worker ant bites you.
* * * LOW HITPOINT WARNING * * *
You are lethally poisoned!
The worker ant poisons you!
You hit the worker ant but do no damage.
The worker ant is heavily wounded.
* * * LOW HITPOINT WARNING * * *
You feel sick. The worker ant closely misses you.
You barely miss the worker ant.
The worker ant is heavily wounded.
* * * LOW HITPOINT WARNING * * *
You feel sick. The worker ant barely misses you.
Drink which item? (? for menu, Esc to quit)
Okay, then.
Evoke which item? (* to show all) (? for menu, Esc to quit)
Zapping:
e - a wand of random effects (4/48)
Press: ? - help, Shift-Dir - straight line, f - worker ant
Aim: a worker ant (heavily wounded)
The puff of flame hits the worker ant.
The worker ant is almost dead.
This wand has 3 charges left.
* * * LOW HITPOINT WARNING * * *
You feel sick. The worker ant misses you. The worker ant bites you.
* * * LOW HITPOINT WARNING * * *
Evoke which item? (* to show all) (? for menu, Esc to quit)
Zapping:
e - a wand of random effects (3/48)
Press: ? - help, Shift-Dir - straight line, f/p - worker ant
Aim: a worker ant (severely wounded)
The worker ant barely resists.
This wand has 2 charges left.
* * * LOW HITPOINT WARNING * * *
You feel sick.
The crimson imp falters for a moment.
The worker ant misses you.
Drink which item? (? for menu, Esc to quit)
Really quaff
m - a potion of might {!q}?
You feel very mighty all of a sudden.
* * * LOW HITPOINT WARNING * * *
You feel sick. The worker ant closely misses you.
You hit the worker ant.
You kill the worker ant!
* * * LOW HITPOINT WARNING * * *
You feel sick.
You puncture the crimson imp!
The crimson imp is heavily wounded.
* * * LOW HITPOINT WARNING * * *
You feel sick. The crimson imp completely misses you.
You puncture the crimson imp!
You kill the crimson imp!
Your Fighting skill increases to level 3!
You have reached level 6!
Your experience leads to an increase in your attributes!
Your base attributes are Str 14, Int 12, Dex 15.
Increase (S)trength, (I)ntelligence, or (D)exterity?
You feel stronger.
You begin to heal more quickly.
You die...

.......#########.......##....#
...............#.......##....#
...............#........#....#
...............'........#....#
...............#........#....#
...............#........#....#
#####'#######..#........######
............#..#........#
............#..'@.......#
....§§......#..#........#
...§≈§≈≈....#..#........#
..≈§###≈≈...#..########## ..≈#
#≈...#.......... ..≈#
#≈...'.......... ..≈##
##≈...#..........
..≈§###≈§...###........
...≈≈≈§≈....#.'........


There were no monsters in sight!

Vanquished Creatures
  A crimson imp (D:4)
  A hound (D:4)
  2 orc wizards (D:4)
  An iguana (D:4)
  A worker ant (D:4)
  The ghost of GammafunkIsRetarded the Chiller, a weakling HEIE of Elyvilon (D:4)
  An adder (D:4)
  A worm (D:4)
  7 giant geckos
  4 orcs (D:4)
  A goblin (D:1)
  3 jackals (D:4)
  A quokka (D:4)
  A giant gecko skeleton (D:4)
  6 giant newts
  2 rats
34 creatures vanquished.

Vanquished Creatures (collateral kills)
  An orc wizard (D:4)
1 creature vanquished.

Vanquished Creatures (others)
  An orc priest (D:4)
  An orc wizard (D:4)
2 creatures vanquished.

Grand Total: 37 creatures vanquished

Notes
Turn   | Place    | Note
--------------------------------------------------------------
     0 | D:1      | Amnesiac the Vine Stalker Artificer began the quest for the Orb.
     0 | D:1      | Reached XP level 1. HP: 9/9 MP: 3/3
    18 | D:1      | Reached skill level 1 in Fighting
   155 | D:4      | Reached XP level 2. HP: 14/14 MP: 3/5
   250 | D:4      | Reached skill level 3 in Evocations
   300 | D:4      | Reached XP level 3. HP: 18/18 MP: 6/6
   329 | D:4      | Noticed GammafunkIsRetarded's ghost (weakling HEIE)
   493 | D:4      | Reached XP level 4. HP: 5/23 MP: 2/7
   795 | D:4      | Killed GammafunkIsRetarded's ghost
   913 | D:4      | Reached skill level 4 in Evocations
   913 | D:4      | Reached XP level 5. HP: 18/26 MP: 6/9
  1052 | D:4      | Found a burning altar of Makhleb.
  1219 | D:4      | HP: 1/28 [poisoned by a worker ant]
  1221 | D:4      | Gained mutation: You heal very quickly. [Vine Stalker growth]
  1221 | D:4      | Reached XP level 6. HP: 1/32 MP: 6/10
  1221 | D:4      | Succumbed to a worker ant's poison

Skill      XL: |  1  2  3  4  5 |
---------------+----------------+-----
Fighting       | 1 2 3 |  3.2
Evocations     | 3 4 |  4.4
Dodging        | 2 |  2.6
Short Blades   | |  0.8
Stealth        | |  1.2

Action                   |  1- 3 |  4- 6 || total
-------------------------+-------+-------++-------
Melee: Short sword       |    61 |    84 ||   145
       Bite              |    12 |    24 ||    36
Evoke: Wand              |     8 |    12 ||    20
  Use: Scroll            |     2 |     5 ||     7
       Potion            |       |     1 ||     1
 Stab: Distracted        |     1 |       ||     1
       Paralysed         |       |     4 ||     4
  Eat: Chunk             |       |     1 ||     1
Armor: Leather armour    |     7 |    16 ||    23
Dodge: Dodged            |    31 |    60 ||    91
